 Dungeon Crawl Stone Soup version 0.32-a0-842-gbbb8fdbe59 (webtiles) character file.

Game seed: 4761136351418467599

1592404 GeoRichter the Slayer (level 26, 248/248 (251) HPs)
             Began as a Black Draconian Alchemist on Mar 26, 2024.
             Was a High Priest of Nemelex Xobeh.
             Escaped with the Orb
             ... and 3 runes on Mar 27, 2024!
             The game lasted 03:13:21 (75946 turns).

GeoRichter the Slayer (Black Draconian Alchemist)  Turns: 75946, Time: 03:13:22

HP:   248/248 (251) AC: 22    Str: 12    XL:     26   Next: 23%
MP:   38/38         EV: 25    Int: 22    God:    Nemelex Xobeh [*****.]
Gold: 3262          SH: 20    Dex: 25    Spells: 29/43 levels left

rFire   + + +        t - +18 lance "Wyrmbane" {slay drac, rPois rF+ rC+ AC+3}
rCold   + + .        M - +4 kite shield {reflect}
rNeg    + + .        (body armour unavailable)
rPois   +            c - +0 hat "Ikkob" {rN+ Dex+3}
rElec   +            q - +2 cloak {Will+}
rCorr   +            d - +0 pair of gloves of the Salmon {rF+ Regen+ Int-4 Dex+3}
SInv    .            X - +2 pair of boots
Will    +++..        Z - amulet of regeneration
Stlth   +            e - ring "Reihuos" {rC+ rN+ Int+3 Dex+6}
HPRegen 2.21/turn    l - ring of Conformity {rF+ Will+ rCorr}
MPRegen 0.26/turn

%: reflection
@: maw-form, flying, studying 2 skills, lightly drained
A: devouring maw, flying, galvanic breath, AC +12, unfitting armour, big wings,
electricity resistance, cold-blooded, antennae 2, weak 1
0: Orb of Zot
}: 3/15 runes: decaying, serpentine, silver
a: Galvanic Breath, Begin Untransformation, Renounce Religion, Draw Escape, Draw
Destruction, Draw Summoning, Draw Stack, Triple Draw, Deal Four, Stack Five


You escaped.
You worshipped Nemelex Xobeh.
Nemelex Xobeh was extremely pleased with you.
You were a creature with a mouth for a stomach.
You visited 9 branches of the dungeon, and saw 47 of its levels.
You visited the Abyss 3 times.
You also visited: Trove, Gauntlet and Ice Cave.

You collected 7387 gold pieces.
You spent 4125 gold pieces at shops.

Inventory:

Hand Weapons
 t - the +18 lance "Wyrmbane" (weapon) {slay drac, rPois rF+ rC+ AC+3}
   (You acquired it on level 7 of the Dungeon)

   AC+3:      It affects your AC (+3).
   rF+:       It protects you from fire.
   rC+:       It protects you from cold.
   rPois:     It protects you from poison.
Missiles
 h - 3 throwing nets {!f}
 U - 8 silver javelins
Armour
 c - the +0 hat "Ikkob" (worn) {rN+ Dex+3}
   (You found it in a treasure trove)

   Dex+3:     It affects your dexterity (+3).
   rN+:       It protects you from negative energy.
 d - the +0 pair of gloves of the Salmon (worn) {rF+ Regen+ Int-4 Dex+3}
   (You found it in a treasure trove)

   Int-4:     It affects your intelligence (-4).
   Dex+3:     It affects your dexterity (+3).
   rF+:       It protects you from fire.
   Regen+:    It increases your rate of health regeneration.
 q - a +2 cloak of willpower (worn)
   (You found it in a treasure trove)
 L - the +2 hat "Soud" {Dex+3 Stlth+}
   (You found it on level 3 of the Elven Halls)

   Dex+3:     It affects your dexterity (+3).
   Stlth+:    It makes you more stealthy.
 M - a +4 kite shield of reflection (worn)
   (You took it off a naga warrior on level 1 of the Snake Pit)
 X - a +2 pair of boots (worn)
   (You found it in a Gauntlet)
Magical Staves
 Y - the staff "Ereuner" {rElec Will+ Str+3 Int+3 Hexes Air}
   (You found it in a Gauntlet)

   [staff of air]

   Base accuracy: +5 Base damage: 5 Base attack delay: 1.2 This weapon's minimum
   attack delay (0.6) is reached at skill level 12.
   Str+3:     It affects your strength (+3).
   Int+3:     It affects your intelligence (+3).
   rElec:     It insulates you from electricity.
   Will+:     It increases your willpower.
   Hexes:     It increases the power of your Hexes spells.
   Air:       It increases the power of your Air spells.
   It falls into the 'Staves' category.
   It is a one-handed weapon.
Jewellery
 e - the ring "Reihuos" (left hand) {rC+ rN+ Int+3 Dex+6}
   (You found it in a Gauntlet)

   [ring of dexterity]

   Int+3:     It affects your intelligence (+3).
   Dex+6:     It affects your dexterity (+6).
   rC+:       It protects you from cold.
   rN+:       It protects you from negative energy.
 l - the ring of Conformity (right hand) {rF+ Will+ rCorr}
   (You found it in an ice cave)

   [ring of willpower]

   rF+:       It protects you from fire.
   Will+:     It increases your willpower.
   rCorr:     It protects you from acid and corrosion.
 F - a ring of see invisible
   (You found it on level 14 of the Dungeon)
 R - the amulet "Juxouced" {Faith rN+ Str+3}
   (You bought it in a shop on level 2 of the Snake Pit)

   [amulet of faith]

   Faith:     It allows you to gain divine favour quickly.
   Str+3:     It affects your strength (+3).
   rN+:       It protects you from negative energy.
 Z - an amulet of regeneration (around neck)
   (You found it in a Gauntlet)
Talismans
 a - a maw talisman (active)
   (You found it on level 1 of the Dungeon)
Wands
 f - a wand of charming (47)
   (You found it on level 9 of the Dungeon)
 A - a wand of light (40)
   (You found it on level 5 of the Dungeon)
 C - a wand of iceblast (46)
   (You found it on level 5 of the Dungeon)
 I - a wand of digging (22)
   (You found it on level 2 of the Lair of Beasts)
 Q - a wand of flame (66)
   (You found it on level 11 of the Dungeon)
 W - a wand of mindburst (46)
   (You found it in a Gauntlet)
Scrolls
 b - 4 scrolls of immolation {!r}
 j - 20 scrolls of teleportation {@r4}
 k - 8 scrolls of silence
 m - 13 scrolls of fear
 n - 12 scrolls of enchant weapon
 p - 8 scrolls of blinking
 r - 5 scrolls of noise {!r}
 x - 9 scrolls of fog
 y - 6 scrolls of vulnerability {!r}
 E - a scroll of brand weapon
 J - 7 scrolls of poison
 N - 5 scrolls of torment {!r}
 P - 3 scrolls of butterflies
Potions
 g - a potion of heal wounds {@q2}
 i - 4 potions of cancellation
 o - a potion of might
 s - 4 potions of haste {@q3}
 u - 2 potions of mutation {!q}
 v - 3 potions of invisibility
 w - 9 potions of lignification {!q}
 z - 7 potions of curing {@q1}
 B - 6 potions of ambrosia
 G - 11 potions of enlightenment
 H - 6 potions of resistance
 K - 5 potions of berserk rage
 O - 4 potions of brilliance
 V - 2 potions of magic
Miscellaneous
 D - a phantom mirror
   (You found it on level 12 of the Dungeon)
 T - a sack of spiders
   (You found it on level 12 of the Dungeon)


   Skills:
 + Level 23.5 Fighting
 - Level 12.0 Polearms
 - Level 15.9 Dodging
 - Level 1.7 Stealth
 - Level 16.0 Shields
 - Level 9.0 Spellcasting
 - Level 1.0 Conjurations
 - Level 12.6 Fire Magic
 - Level 17.0 Air Magic
 - Level 8.5 Alchemy
 + Level 22.9 Invocations
 - Level 4.0 Evocations
 + Level 18.5 Shapeshifting


You had 29 spell levels left.
You knew the following spells:

 Your Spells              Type           Power      Damage    Failure   Level
a - Sting                 Conj/Alch      100%       1d9       1%          1
b - Olgreb's Toxic Radia  Alch           47%        N/A       3%          4
c - Mephitic Cloud        Conj/Alch/Air  48%        N/A       1%          3
d - Plasma Beam           Fire/Air       33%        2x1d46    4%          6

Your spell library contained the following spells:

 Spells                   Type           Power      Damage    Failure   Level
 Foxfire                  Conj/Fire      100%       2x1d9     1%          1
 Shock                    Conj/Air       100%       1d9       1%          1
 Cigotuvi's Dreadful Rot  Necr/Alch/Air  94%        N/A       1%          2
 Mercury Vapours          Alch/Air       100%       N/A       1%          2
 Scorch                   Fire           100%       2d9       1%          2
 Static Discharge         Conj/Air       98%        3-8/arc   1%          2
 Swiftness                Air            71%        N/A       1%          3
 Ignite Poison            Fire/Alch      54%        N/A       1%          4
 Sticky Flame             Fire/Alch      54%        2d10      1%          4
 Inner Flame              Hex/Fire       37%        N/A       2%          3
 Volatile Blastmotes      Fire/Tloc      74%        2d16      2%          3
 Vhi's Electric Charge    Tloc/Air       94%        N/A       3%          4
 Flame Wave               Conj/Fire      39%        2d11      8%          4
 Magic Dart               Conj           56%        1d5       9%          1
 Arcjolt                  Conj/Air       24%        1d34      9%          5
 Kiss of Death            Conj/Necr      48%        2d9       10%         1
 Necrotise                Necr           36%        1d5       12%         1
 Sandblast                Erth           18%        2d7       12%         1
 Summon Small Mammal      Summ           36%        N/A       12%         1
 Searing Ray              Conj           28%        2d5       12%         2
 Momentum Strike          Conj/Tloc      24%        3d8       16%         2
 Fulminant Prism          Conj/Alch      15%        3d10      17%         4
 Blink                    Tloc           18%        N/A       19%         2
 Call Imp                 Summ           18%        N/A       19%         2
 Ensorcelled Hibernation  Hex/Ice        18%        N/A       19%         2
 Lesser Beckoning         Tloc           18%        N/A       19%         2
 Dazzling Flash           Conj/Hex       24%        N/A       30%         3
 Stone Arrow              Conj/Erth      24%        3d8       30%         3
 Confusing Touch          Hex            9%         N/A       36%         3
 Fugue of the Fallen      Necr           9%         N/A       36%         3
 Gell's Gravitas          Tloc           9%         N/A       36%         3
 Passwall                 Erth           9%         N/A       36%         3
 Summon Ice Beast         Ice/Summ       9%         N/A       36%         3
 Teleport Other           Tloc           9%         N/A       36%         3
 Tukima's Dance           Hex            9%         N/A       36%         3
 Vampiric Draining        Necr           9%         2d6       36%         3
 Eringya's Noxious Bog    Alch           23%        4d6       50%         6
 Yara's Violent Unravell  Hex/Alch       14%        3d7       52%         5
 Brom's Barrelling Bould  Conj/Erth      12%        2d4       69%         4
 Iskenderun's Mystic Bla  Conj/Tloc      12%        2d5       69%         4
 Anguish                  Hex/Necr       4%         N/A       77%         4
 Dispel Undead            Necr           9%         3d8       77%         4
 Manifold Assault         Tloc           9%         N/A       77%         4
 Martyr's Knell           Necr/Summ      9%         N/A       77%         4
 Passage of Golubria      Tloc           9%         N/A       77%         4
 Sculpt Simulacrum        Ice/Alch       14%        N/A       97%         6
 Curse of Agony           Necr           9%         N/A       98%         5
 Summon Forest            Summ/Tloc      4%         N/A       98%         5
 Summon Mana Viper        Hex/Summ       9%         N/A       98%         5
 Ignition                 Fire           30%        3d10      99%         8
 Bombard                  Conj/Erth      6%         9d2       100%        6
 Dispersal                Tloc           4%         N/A       100%        6
 Summon Cactus Giant      Summ           4%         N/A       100%        6
 Haunt                    Necr/Summ      4%         N/A       100%        7
 Monstrous Menagerie      Summ           4%         N/A       100%        7
 Ozocubu's Refrigeration  Ice            4%         4d8       100%        7
 Summon Hydra             Summ           4%         N/A       100%        7
 Borgnjor's Revivificati  Necr           4%         N/A       100%        8
 Discord                  Hex            4%         N/A       100%        8
 Lehudib's Crystal Spear  Conj/Erth      6%         10d3      100%        8
 Summon Horrible Things   Summ           4%         N/A       100%        8
 Death's Door             Necr           4%         N/A       100%        9
 Polar Vortex             Ice            4%         N/A       100%        9
 Animate Armour           Summ/Erth      Unusable   N/A       N/A         4

Dungeon Overview and Level Annotations

Branches:
Dungeon (15/15)            Temple (0/1) D:6            Lair (5/5) D:8
  Swamp (4/4) Lair:2        Snake (4/4) Lair:3        Slime (0/5) Lair:4
    Orc (2/2) D:9             Elf (3/3) Orc:2        Vaults (5/5) D:14
  Crypt (0/3) Vaults:2     Depths (4/4) D:15            Zot (5/5) Depths:4
  IceCv (visited)         Gauntlet (visited)

Altars:
Ashenzari
Cheibriados
Elyvilon
Fedhas
Gozag
Hepliaklqana
Nemelex Xobeh
Qazlal
Ru
Sif Muna
Trog
Xom
Yredelemnul
Zin
The Shining One
Beogh
Jiyva

Shops:
D:8 (   D:12 *   Orc:2 (?([   Elf:2 =   Snake:1 :[   Snake:2 ((=*
Vaults:1 **=[   Vaults:2 =   Vaults:4 [   Vaults:5 *

Portals:
Hell: Depths:1 Depths:2 Depths:3 Depths:4
Abyss: Depths:2 Depths:3
Pandemonium: Depths:1 Depths:2 Depths:4
Ziggurat: Depths:2

Annotations:
Swamp:3 exclusion: oklob plant
Elf:2 3 runed translucent doors
Depths:1 2 transporters, exclusion: 2 orange crystal statues, Xaosyiw's ghost, adept DECj
Depths:2 exclusion: 2 orange crystal statues
Zot:3 2 transporters
Zot:4 2 transporters, Adaxemni's ghost, legendary GrFi


Innate Abilities, Weirdness & Mutations

You are a creature with a mouth for a stomach.
Your midsection houses a second, enormous mouth.
You are flying.
You can breathe arcing electricity.
Your glossy black scales are hard. (AC +12)
You cannot fit into any form of body armour.
Your large and strong wings let you fly.
You are resistant to electric shocks. (rElec)
You are cold-blooded and may be slowed by cold attacks.
You have a pair of antennae on your head.
You are weak. (Str -2)


Message History

You tail-slap the demonspawn black sun, but do no damage.
You bite the demonspawn black sun.
The demonspawn black sun is almost dead.
Unknown command.
You puncture the demonspawn black sun! You bite the demonspawn black sun.
You kill the demonspawn black sun!
Unknown command.
Things that are here:
a +0 demon trident; a +0 chain mail; a demonspawn corpse What level of the Dungeon? (default 1, ? - help)
There is a stone staircase leading up here.
You fly upwards.
There is a stone staircase leading down here.
There is a stone staircase leading up here.
You fly upwards.
There is a stone staircase leading down here.
There is a stone staircase leading up here.
You fly upwards.
There is a stone staircase leading down here.
There is a stone staircase leading up here.
You fly upwards.
There is a stone staircase leading down here.
There is a stone staircase leading up here.
You fly upwards.
There is a stone staircase leading down here.
An Executioner comes into view.
The Executioner moves out of view.
The Executioner gestures.
The Executioner seems to speed up. 2 golden eyes come into view.
A golden eye comes into view.
The golden eye turns its gaze towards you. x3
There is a stone staircase leading up, spattered with blood here.
You block the Executioner's attack. x3; The Executioner completely misses you.
The Executioner closely misses you.
The Executioner hits you but does no damage.
The golden eye blinks at you. You resist with almost no effort.
The golden eye blinks at you. You resist with almost no effort.
The golden eye blinks at you. You resist with almost no effort.
You fly upwards.
There is a stone staircase leading down here.
Things that are here:
a +0 flail; a gnoll skeleton You see here a rat skeleton.
You see here a quokka skeleton.
There is a staircase leading out of the dungeon here.
You have escaped!

.#####..÷#.#.#.#.#.#.#.#....#....
..§.§.###...............###.#.###
$..§..##..........#......##......
....§.###.......#.......#####.###
.#######......#....#.....####.###
§# ##...#...........##....... ☼#
#..#...#.#.#.#....######## .#
##...............######### .#
#...#..#.W.#..#...#....... .#
##...............##)...†## .####
#....#.#.#.#...#..#.....## ..÷.#
##...........#...##.....## .##.##
#.....#....#......#....... .##÷.#
##.......#.......##.......
.###.###......#..........#.#....#
.# #..###...............##.......
.# ##....#.#.#.#.#.#.#.#........†


There were no monsters in sight!

Vanquished Creatures
  2 dread liches (Vaults:5)
  4 ancient liches
  4 orbs of fire
  Xtahua (Vaults:5)
  Vashnia (Snake:4)
  4 curse toes
  16 golden dragons
  Nikola (Snake:4)
  2 bone dragons
  the Enchantress (Depths:2)
  3 electric golems
  A Tzitzimitl (Zot:5)
  A hellephant (Vaults:4)
  A lich (Vaults:5)
  19 tentacled monstrosities
  Rupert (Snake:1)
  A deep elf blademaster (Elf:3)
  Mlioglotl (Snake:4)
  19 Orb Guardians
  9 quicksilver dragons
  4 sphinxes
  A deep elf master archer (Elf:3)
  A walking frostbound tome (Depths:2)
  An ancient champion (Vaults:2)
  4 titans
  A tentacled starspawn (Abyss:4)
  13 shadow dragons
  11 death cobs
  3 tengu reavers
  A thorn hunter (Swamp:4)
  19 storm dragons
  3 protean progenitors
  An azure jelly (Snake:4)
  A nargun (Depths:2)
  7 frost giants
  5 draconian monks
  4 nagarajas
  A balrug (Zot:2)
  4 fire giants
  3 deep elf sorcerers
  4 iron dragons
  4 draconian knights
  3 draconian shifters
  8 draconian scorchers
  4 deep elf elementalists (Elf:3)
  8 ghost moths
  5 draconian annihilators
  14 vault wardens
  A reaper (Depths:2)
  4 orc warlords
  3 spectral caustic shrikes (Depths:3)
  A shard shrike simulacrum (Abyss:2)
  17 ironbound preservers
  18 very ugly things
  5 draconian stormcallers
  3 spriggan defenders
  A demonspawn blood saint (Zot:2)
  An angel (Vaults:1)
  2 broodmothers (Zot:4)
  8 stone giants
  3 formless jellyfish
  7 ironbound thunderhulks
  5 vampire knights
  Nessos (Orc:2)
  3 deep elf annihilators (Elf:3)
  13 black draconians
  A demonspawn black sun (D:7)
  2 bunyips (Swamp:2)
  7 purple draconians
  4 dire elephants
  3 lorocyprocas
  5 deep elf demonologists
  6 green draconians
  4 spark wasps
  4 war gargoyles
  5 deep elf death magi
  6 yellow draconians
  14 white draconians
  11 red draconians
  A wendigo (Depths:2)
  4 blizzard demons
  18 ettins
  2 crystal guardians
  2 shambling mangroves
  A merfolk javelineer (Depths:2)
  An entropy weaver (Depths:1)
  5 fire dragons
  A green death (Depths:4)
  7 rakshasas
  26 vault guards
  A spriggan air mage (Depths:2)
  3 deep elf high priests
  Harold (D:10)
  2 great orbs of eyes
  An entropy weaver (shapeshifter) (D:15)
  4 peacekeepers
  11 hydras
  15 yaktaur captains
  5 salamander tyrants
  10 ironbound frosthearts
  3 ogre magi
  3 two-headed ogres
  10 ice dragons
  4 catoblepae
  9 alligators
  12 anacondas
  3 caustic shrike simulacra
  2 ghost crabs (Swamp:2)
  4 boulder beetles
  5 centaur warriors
  2 satyrs
  A death knight (D:14)
  6 death yaks (Lair:5)
  13 dancing weapons
  15 deep troll earth magi
  5 tengu warriors
  2 thrashing horrors (Abyss:4)
  12 deep troll shamans
  2 storm dragon zombies
  2 occultists
  4 orc high priests
  A hell hog (Depths:2)
  26 naga sharpshooters
  8 shock serpents
  2 sun demons (Depths:2)
  15 naga warriors
  6 spriggan berserkers
  The ghost of AlexRAT the Fighter, a novice MiBe of Trog (D:8)
  8 deep elf knights
  2 wretched stars
  Amaemon (Lair:3)
  14 iron trolls
  11 hell knights
  2 sixfirhies
  4 salamander mystics (Snake:4)
  A skyshark (Lair:4)
  A goliath frog (Swamp:2)
  A death drake (Swamp:4)
  10 swamp dragons
  69 deep trolls
  3 sea snakes (Snake:2)
  6 flayed ghosts
  4 bog bodies
  25 slime creatures
  3 glowing orange brains
  2 shadow demons
  An orb spider (Depths:1)
  10 mana vipers
  5 spriggan simulacra (IceCv)
  4 naga ritualists
  12 deep elf archers
  2 obsidian statues
  3 phantasmal warriors
  12 arcanists
  A thermic dynamo (Elf:3)
  14 ironbound convokers
  An obsidian bat (Orc:2)
  13 orc knights
  18 deep elf zephyrmancers
  22 deep elf pyromancers
  14 lindwurms
  A steelbarb worm (Gauntlet)
  4 large abominations
  5 orc sorcerers
  8 necromancers
  25 ugly things
  2 wolf spiders
  13 salamanders
  3 cyclopes
  2 will-o-the-wisps
  10 manticores
  A frost giant zombie (Depths:1)
  A shining eye (shapeshifter) (Vaults:5)
  2 worldbinders (Abyss:2)
  A faun (Lair:3)
  A meliai (Snake:2)
  45 black mambas
  22 moths of wrath
  4 guardian serpents
  26 naga magi
  A meliai (shapeshifter) (D:14)
  7 smoke demons
  9 apocalypse crabs (Depths:3)
  18 vault sentinels
  13 elephants
  6 torpor snails
  A guardian serpent (shapeshifter) (D:14)
  3 gargoyles
  An eye of devastation (Zot:2)
  13 cane toads
  An orange demon (Lair:3)
  Jeremiah (D:9)
  Maggie (D:7)
  2 kobold demonologists
  9 komodo dragons
  4 efreet
  A hellion (Depths:2)
  38 yaktaurs
  8 ice devils
  A spark wasp simulacrum (Depths:1)
  12 freezing wraiths
  2 tengu conjurers (Depths:4)
  6 rime drakes
  A merfolk (shapeshifter) (Depths:2)
  3 polar bears
  3 ancient zymes (Abyss:2)
  2 queen bees
  4 tyrant leeches
  A merfolk (Elf:3)
  A tarantella (Depths:1)
  9 trolls
  2 golden dragon simulacra (Depths:2)
  12 hornets
  3 alligator simulacra (IceCv)
  Prince Ribbit (D:7)
  3 saltlings (Orc:2)
  Grinder (D:3)
  A glass eye (Snake:4)
  6 dream sheep (Lair:5)
  9 blink frogs
  A frost giant simulacrum (Depths:2)
  2 air elementals
  11 spriggans
  10 water elementals
  48 yaks
  2 vampires
  7 small abominations
  2 shadows (D:13)
  6 ynoxinuls
  6 fire elementals
  4 wyverns
  A human (Vaults:5)
  9 starcursed masses (Abyss:2)
  A human (shapeshifter) (D:14)
  3 neqoxecs
  2 hogs
  2 fire bats
  A warg (Snake:4)
  8 wraiths
  A dire elephant simulacrum (IceCv)
  5 basilisks
  3 steam dragons
  14 minotaur simulacra (IceCv)
  A yaktaur simulacrum (Vaults:5)
  3 chaos spawn
  15 swamp worms
  6 vampire mosquitoes
  4 acid dragons
  56 nagas
  41 orc warriors
  10 water moccasins
  6 swamp drakes (Swamp:4)
  2 black bears
  An ettin simulacrum (IceCv)
  A glowing shapeshifter skeleton (Vaults:5)
  A sky beast (D:7)
  An ice beast (Depths:1)
  21 wolves
  A hornet zombie (D:9)
  5 laughing skulls
  11 ogres
  4 boggarts
  9 centaurs
  3 crocodiles
  A phantom (D:5)
  10 kobold brigands
  A brain worm (Abyss:4)
  6 scorpions
  9 bullfrogs
  3 earth elementals
  A glowing shapeshifter simulacrum (Depths:1)
  9 deep troll simulacra (IceCv)
  14 wights
  Dowan (D:5)
  14 killer bees
  3 lindwurm simulacra (IceCv)
  3 howler monkeys
  8 electric eels
  3 bombardier beetles
  A jelly (Lair:4)
  2 lava snakes (Snake:4)
  A quasit (Abyss:2)
  5 hounds
  Crazy Yiuf (D:3)
  19 orc priests
  5 iguanas
  14 orc wizards
  A howler monkey zombie (D:9)
  4 gnolls
  A river rat (D:7)
  13 adders
  A shadow imp (Abyss:2)
  A white imp (D:6)
  3 ufetubi
  3 dart slugs
  A ribbon worm (shapeshifter) (D:13)
  3 ribbon worms
  87 orcs
  19 bats
  8 endoplasms
  6 giant cockroaches
  7 goblins
  7 hobgoblins
  7 jackals
  5 quokkas
  8 ball pythons
  5 frilled lizards
  15 kobolds
  11 rats
  A butterfly (D:6)
  A lurking horror (Abyss:2)
2095 creatures vanquished.

Vanquished Creatures (collateral kills)
  A pandemonium lord (D:11)
  Mara (Vaults:5)
  An ancient lich (Zot:5)
  Mennas (Depths:4)
  3 orbs of fire (Zot:5)
  Bai Suzhen (Swamp:3)
  A Killer Klown (Zot:5)
  An electric golem (Zot:5)
  3 Orb Guardians (Zot:5)
  A Hell Sentinel (D:11)
  A deep elf blademaster (Elf:3)
  A titan (Vaults:5)
  A deep elf master archer (Elf:3)
  An Executioner (D:11)
  Aizul (Snake:2)
  A daeva (Vaults:1)
  Louise (Swamp:1)
  A draconian knight (Zot:5)
  A draconian annihilator (Zot:2)
  An orc warlord (Vaults:4)
  A war gargoyle (Vaults:5)
  A shambling mangrove (Swamp:1)
  4 hydras
  2 vault guards
  3 alligators
  Erica (Orc:1)
  A centaur warrior (D:14)
  A deep troll earth mage (Depths:2)
  A boulder beetle (D:14)
  A death yak (Lair:5)
  A naga warrior (Snake:4)
  4 spriggans
  A spriggan druid (Swamp:3)
  The ghost of GreedOfGod the Sneak, a novice DsBr of Dithmenos (D:9)
  A goliath frog (Swamp:1)
  An iron troll (Depths:2)
  2 deep trolls (Depths:2)
  3 deep elf pyromancers
  An obsidian bat (Orc:1)
  3 manticores
  2 smoke demons
  A naga mage (Snake:4)
  A freezing wraith (D:14)
  2 hornets (Swamp:1)
  2 blink frogs (Lair:5)
  5 slime creatures (D:14)
  2 wraiths (D:14)
  4 yaks
  2 wargs (Orc:1)
  A naga (Snake:1)
  A swamp worm (Swamp:4)
  Duvessa (D:5)
  An orc warrior (Orc:1)
  An ogre (Orc:1)
  A centaur (D:14)
  A killer bee (D:9)
  An orc priest (Orc:1)
  A bombardier beetle (D:2)
  An adder (D:2)
  A river rat (D:2)
  3 dart slugs (D:2)
  4 orcs (Orc:1)
  A jackal (D:2)
  2 kobolds (D:2)
  A goblin (D:2)
  2 rats (D:2)
103 creatures vanquished.

Vanquished Creatures (others)
  A fire giant (Vaults:5)
  A draconian knight (Zot:3)
  A draconian shifter (Zot:3)
  An ironbound preserver (Vaults:4)
  A rakshasa (Depths:1)
  A deep elf knight (Elf:1)
  2 naga sharpshooters (Snake:4)
  A naga ritualist (Snake:3)
  2 deep elf zephyrmancers (Elf:1)
  2 salamanders (Snake:4)
  2 black mambas (Snake:4)
  A naga mage (Snake:4)
  A golden dragon simulacrum (Depths:2)
  A polar bear (Swamp:2)
  2 bloated husks
  A hornet (Swamp:1)
  An endoplasm (Orc:2)
  24 foxfires
  2 starspawn tentacles (Abyss:4)
48 creatures vanquished.

Grand Total: 2246 creatures vanquished

Notes
Turn   | Place    | Note
-------+----------+-------------------------------------------
     0 | D:1      | GeoRichter the Draconian Alchemist began the quest for the
                  | Orb.
     0 | D:1      | Reached XP level 1. HP: 14/14 MP: 3/3
   139 | D:1      | Reached XP level 2. HP: 18/20 MP: 0/5
   766 | D:1      | Reached XP level 3. HP: 26/26 MP: 1/6
   891 | D:1      | Found a faded altar of an unknown god.
  1141 | D:1      | Prayed at the altar of an unknown god.
  1141 | D:1      | Became a worshipper of Nemelex Xobeh the Trickster
  1141 | D:1      | Reached * piety under Nemelex Xobeh
  1501 | D:2      | Received a gift from Nemelex Xobeh
  1596 | D:2      | Reached skill level 5 in Alchemy
  1596 | D:2      | Reached XP level 4. HP: 33/33 MP: 3/7
  1609 | D:2      | Noticed Robin
  1675 | D:2      | Learned a level 4 spell: Olgreb's Toxic Radiance
  1757 | D:2      | Robin changed into Robin the dart slug
  1757 | D:2      | Noticed Robin
  1763 | D:2      | Killed Robin the dart slug
  1779 | D:2      | Reached XP level 5. HP: 25/38 MP: 3/8
  1958 | D:2      | Reached ** piety under Nemelex Xobeh
  2052 | D:2      | Found a shimmering blue altar of Sif Muna.
  2534 | D:2      | Received a gift from Nemelex Xobeh
  2769 | D:3      | Noticed Grinder
  2798 | D:3      | Killed Grinder
  2799 | D:3      | Reached XP level 6. HP: 17/45 MP: 2/9
  3324 | D:3      | Received a gift from Nemelex Xobeh
  3365 | D:3      | Found a shimmering altar of Xom.
  3553 | D:3      | Found a stormy altar of Qazlal.
  3671 | D:3      | Reached *** piety under Nemelex Xobeh
  3890 | D:3      | Found a runed translucent door.
  4154 | D:3      | Noticed Crazy Yiuf
  4168 | D:3      | Killed Crazy Yiuf
  4508 | D:4      | Found an opulent altar of Gozag.
  4541 | D:4      | Your scales start taking on a glossy black colour.
  4541 | D:4      | Reached XP level 7. HP: 47/50 MP: 7/10
  4541 | D:4      | Gained mutation: You are resistant to electric shocks.
                  | (rElec) [Black Draconian growth]
  4814 | D:4      | Found a glowing golden altar of the Shining One.
  4818 | D:4      | Identified the +6 trident of Ragnarok {freeze, *Rage Str-5
                  | Dex+7 SInv}
  5239 | D:5      | Entered Level 5 of the Dungeon
  5246 | D:5      | Reached skill level 1 in Invocations
  5298 | D:5      | Received a gift from Nemelex Xobeh
  5394 | D:5      | Reached XP level 8. HP: 45/57 MP: 3/13
  5496 | D:5      | Noticed Dowan
  5497 | D:5      | Noticed Duvessa
  5502 | D:5      | Killed Dowan
  5506 | D:5      | Killed Duvessa
  5507 | D:5      | Reached skill level 5 in Invocations
  5924 | D:5      | Learned a level 3 spell: Mephitic Cloud
  6097 | D:6      | Received a gift from Nemelex Xobeh
  6103 | D:6      | Reached skill level 1 in Fighting
  6103 | D:6      | Reached skill level 1 in Air Magic
  6156 | D:6      | Reached **** piety under Nemelex Xobeh
  6235 | D:6      | Reached skill level 2 in Fighting
  6331 | D:6      | Found a staircase to the Ecumenical Temple.
  6357 | D:6      | Reached skill level 3 in Fighting
  6420 | D:6      | Reached skill level 4 in Fighting
  6420 | D:6      | Reached XP level 9. HP: 37/72 MP: 15/15
  6454 | D:6      | Reached skill level 5 in Fighting
  6488 | D:6      | Found a blossoming altar of Fedhas.
  7198 | D:7      | Reached skill level 1 in Evocations
  7346 | D:7      | Noticed Prince Ribbit
  7359 | D:7      | Killed Prince Ribbit
  7360 | D:7      | Reached skill level 6 in Fighting
  7548 | D:7      | Found a sparkling altar of Nemelex Xobeh.
  7620 | D:7      | Received a gift from Nemelex Xobeh
  7789 | D:7      | Found a sacrificial altar of Ru.
  7844 | D:7      | Noticed Maggie
  7851 | D:7      | Killed Maggie
  7852 | D:7      | Reached skill level 7 in Fighting
  8224 | D:8      | Found a shimmering blue altar of Sif Muna.
  8241 | D:8      | Found a hazy altar of Hepliaklqana.
  8271 | D:8      | Reached skill level 8 in Fighting
  8461 | D:7      | Identified a scroll of acquirement
  8462 | D:7      | Acquired the +8 lance "Wyrmbane" {slay drac, rPois rF+ rC+
                  | AC+3}
  8462 | D:7      | Found the +8 lance "Wyrmbane" {slay drac, rPois rF+ rC+
                  | AC+3}
  8522 | D:8      | Found Ysaene's Antique Weapon Emporium.
  8571 | D:8      | Reached skill level 1 in Polearms
  8621 | D:8      | Found a large runed translucent door.
  8622 | D:8      | Found a large runed translucent door.
  8625 | D:8      | Noticed AlexRAT's ghost (novice MiBe)
  8767 | D:8      | Reached XP level 10. HP: 88/88 MP: 11/16
  8796 | D:8      | Received a gift from Nemelex Xobeh
  8813 | D:8      | Found a staircase to the Lair.
  8867 | D:8      | Reached ***** piety under Nemelex Xobeh
  9141 | D:8      | Found the +7 Throatcutter {drain, coup de grace}
  9581 | D:9      | Found a runed translucent gate.
  9581 | D:9      | Found a runed translucent gate.
  9583 | D:9      | Found a runed translucent gate.
  9584 | D:9      | Found an opulent altar of Gozag.
  9584 | D:9      | Noticed a six-headed hydra
  9584 | D:9      | Noticed a manticore
  9585 | D:9      | Noticed a deep elf pyromancer
  9585 | D:9      | Noticed GreedOfGod's ghost (novice DsBr)
  9586 | D:9      | Noticed a manticore
  9854 | D:9      | Reached skill level 5 in Polearms
 10016 | D:9      | Noticed Jeremiah
 10031 | D:9      | Killed Jeremiah
 10135 | D:9      | Received a gift from Nemelex Xobeh
 10320 | D:9      | Found a basalt altar of Yredelemnul.
 10387 | D:9      | Found a roughly hewn altar of Beogh.
 10387 | D:9      | Found a staircase to the Orcish Mines.
 10862 | Lair:1   | Entered Level 1 of the Lair of Beasts
 10864 | Lair:1   | Noticed a cane toad
 10864 | Lair:1   | Noticed a cane toad
 10868 | Lair:1   | Killed a cane toad
 10879 | Lair:1   | Killed a cane toad
 10891 | Lair:1   | Noticed a cane toad
 10899 | Lair:1   | Noticed a black mamba
 10901 | Lair:1   | Killed a cane toad
 10902 | Lair:1   | Reached XP level 11. HP: 95/95 MP: 17/17
 11050 | Lair:1   | Reached skill level 10 in Polearms
 11248 | Lair:1   | Found a snail-covered altar of Cheibriados.
 11504 | Lair:1   | Received a gift from Nemelex Xobeh
 11902 | Lair:1   | Received a gift from Nemelex Xobeh
 12356 | Lair:2   | Received a gift from Nemelex Xobeh
 13513 | Lair:2   | Reached skill level 9 in Fighting
 13548 | Lair:2   | Noticed a bog body
 13553 | Lair:2   | Killed a bog body
 13554 | Lair:2   | Reached XP level 12. HP: 90/104 MP: 12/18
 13593 | Lair:2   | Found a staircase to the Swamp.
 13837 | Lair:3   | Noticed Amaemon
 13848 | Lair:3   | Killed Amaemon
 13911 | Lair:3   | Noticed an eight-headed hydra
 13922 | Lair:3   | an eight-headed hydra changed into a faun
 14146 | Lair:3   | Reached skill level 10 in Invocations
 14193 | Lair:3   | Noticed a catoblepas
 14203 | Lair:3   | Killed a catoblepas
 14298 | Lair:3   | Reached skill level 10 in Fighting
 14370 | Lair:3   | Found a staircase to the Snake Pit.
 14403 | Lair:3   | Received a gift from Nemelex Xobeh
 14473 | Lair:3   | Reached skill level 5 in Dodging
 14855 | Lair:3   | Received a gift from Nemelex Xobeh
 15608 | Lair:4   | Received a gift from Nemelex Xobeh
 15802 | Lair:4   | Reached XP level 13. HP: 90/114 MP: 16/21
 16153 | Lair:4   | Found a staircase to the Slime Pits.
 16173 | Lair:4   | Found a viscous altar of Jiyva.
 16411 | Lair:5   | Entered Level 5 of the Lair of Beasts
 16436 | Lair:5   | Reached skill level 1 in Shields
 16572 | Lair:5   | Reached skill level 11 in Fighting
 16917 | Lair:5   | Received a gift from Nemelex Xobeh
 16990 | Lair:5   | Reached skill level 5 in Shields
 17642 | Lair:5   | Identified the +1 robe "Perodaes" {rF+ Str+3}
 17823 | Lair:5   | Identified the -2 quarterstaff "Hydrabane" {freeze, Str+4}
 18077 | Lair:5   | Reached skill level 12 in Fighting
 18228 | Lair:5   | Received a gift from Nemelex Xobeh
 18763 | Lair:5   | Gained mutation: Your large and strong wings let you fly.
                  | [Black Draconian growth]
 18763 | Lair:5   | Reached XP level 14. HP: 90/126 MP: 9/24
 19306 | D:8      | Killed AlexRAT's ghost
 19426 | D:9      | Killed GreedOfGod's ghost
 19524 | D:10     | Entered Level 10 of the Dungeon
 20128 | D:10     | Found a white marble altar of Elyvilon.
 20667 | D:10     | Noticed Harold
 20673 | D:10     | Killed Harold
 20956 | D:11     | Received a gift from Nemelex Xobeh
 21719 | D:11     | Received a gift from Nemelex Xobeh
 21732 | D:11     | Reached skill level 13 in Fighting
 21927 | D:11     | Found a portal to a secret trove of treasure.
 22408 | D:12     | Found Aniqy's Assorted Antiques.
 22422 | D:12     | Found a gate leading to a gauntlet.
 22429 | Gauntlet | Entered a Gauntlet
 22429 | Gauntlet | Found a transporter.
 22438 | Gauntlet | Found a transporter.
 22455 | Gauntlet | Found a transporter.
 22460 | Gauntlet | Found a transporter.
 22462 | Gauntlet | Noticed a reaper
 22475 | Gauntlet | Found a transporter.
 22475 | Gauntlet | Found the +2 hat of the Bear Spirit {Spirit, Bear, *Rage
                  | Will++}
 22494 | Gauntlet | Found a transporter.
 22495 | Gauntlet | Reached ****** piety under Nemelex Xobeh
 22495 | Gauntlet | Received a gift from Nemelex Xobeh
 22506 | Gauntlet | Found a transporter.
 22518 | Gauntlet | Found a transporter.
 22524 | Gauntlet | Found a transporter.
 22524 | Gauntlet | Found a transporter.
 22543 | Gauntlet | Found a transporter.
 22555 | Gauntlet | Found a transporter.
 22561 | Gauntlet | Found a transporter.
 22602 | Gauntlet | Found a transporter.
 22604 | Gauntlet | Found a transporter.
 22631 | Gauntlet | Found a transporter.
 22655 | Gauntlet | Found a transporter.
 22852 | Gauntlet | Found a transporter.
 23020 | Gauntlet | Identified the ring "Reihuos" {rC+ rN+ Int+3 Dex+6}
 23180 | Gauntlet | Identified the +1 flail "Ypsot" {heavy, Int+4}
 23223 | Gauntlet | Identified the staff "Ereuner" {rElec Will+ Str+3 Int+3
                  | Hexes Air}
 23224 | Gauntlet | Got the Book of Topology and Percussion
 23243 | D:12     | Received a gift from Nemelex Xobeh
 23494 | D:12     | Found a runed translucent door.
 23495 | D:12     | Noticed a stone giant
 23582 | D:12     | Reached skill level 10 in Shields
 24131 | Orc:1    | Entered Level 1 of the Orcish Mines
 24131 | Orc:1    | Noticed Erica
 24149 | Orc:1    | Killed Erica
 24540 | Orc:1    | Found a roughly hewn altar of Beogh.
 24585 | Orc:2    | Entered Level 2 of the Orcish Mines
 24585 | Orc:2    | Noticed an orc warlord
 24585 | Orc:2    | Received a gift from Nemelex Xobeh
 24587 | Orc:2    | an orc warlord changed into an alligator
 24826 | Orc:2    | Noticed Josephine
 24882 | Orc:2    | Josephine changed into Josephine the entropy weaver
 24882 | Orc:2    | Noticed Josephine
 24888 | Orc:2    | Noticed an orc warlord
 24898 | Orc:2    | Josephine the entropy weaver changed into Josephine the
                  | komodo dragon
 24898 | Orc:2    | Noticed Josephine
 24905 | Orc:2    | Killed Josephine the komodo dragon
 24906 | Orc:2    | Killed an orc warlord
 25011 | Orc:2    | Found a staircase to the Elven Halls.
 25025 | Orc:2    | Found a roughly hewn altar of Beogh.
 25064 | Orc:2    | Received a gift from Nemelex Xobeh
 25252 | Orc:2    | Noticed Nessos
 25260 | Orc:2    | Killed Nessos
 25261 | Orc:2    | Reached XP level 15. HP: 101/137 MP: 25/25
 25406 | Orc:2    | Found Homu's Weapon Boutique.
 25561 | Orc:2    | Found a roughly hewn altar of Beogh.
 25563 | Orc:2    | Found Daumac Fodgho's Magic Scroll Boutique.
 25576 | Orc:2    | Bought a scroll of teleportation for 48 gold pieces
 25576 | Orc:2    | Bought a scroll of teleportation for 48 gold pieces
 25576 | Orc:2    | Bought a scroll of silence for 152 gold pieces
 25576 | Orc:2    | Bought a scroll of silence for 152 gold pieces
 25594 | Orc:2    | Found Otiuj's Armour Shoppe.
 25624 | Orc:2    | Bought a +2 kite shield for 280 gold pieces
 25773 | Orc:2    | Found Tael's Weapon Shop.
 26122 | D:12     | Reached skill level 14 in Fighting
 26306 | D:13     | Found a broken altar of Ashenzari.
 26332 | D:13     | Got the Octavo of Formulae
 26980 | D:13     | Received a gift from Nemelex Xobeh
 27725 | D:14     | Received a gift from Nemelex Xobeh
 27778 | D:14     | Reached skill level 1 in Shapeshifting
 28014 | D:14     | Found a gate to the Vaults.
 28210 | D:15     | Entered Level 15 of the Dungeon
 28459 | D:15     | Received a gift from Nemelex Xobeh
 28861 | D:15     | Reached skill level 15 in Fighting
 29183 | D:15     | Received a gift from Nemelex Xobeh
 29206 | D:15     | Reached XP level 16. HP: 149/149 MP: 19/26
 29279 | D:15     | Found a staircase to the Depths.
 29298 | D:15     | Reached skill level 5 in Shapeshifting
 29988 | Snake:1  | Entered Level 1 of the Snake Pit
 30093 | Snake:1  | Found Zytailon's Book Shoppe.
 30095 | Snake:1  | Found Fukor's Magic Scroll Emporium.
 30111 | Snake:1  | Found Jenwori's Armour Shoppe.
 30126 | Snake:1  | Noticed Rupert
 30192 | Swamp:1  | Entered Level 1 of the Swamp
 30192 | Swamp:1  | Noticed Louise
 30200 | Swamp:1  | Killed Louise
 30285 | Swamp:1  | Received a gift from Nemelex Xobeh
 31207 | Swamp:2  | Received a gift from Nemelex Xobeh
 31512 | Swamp:3  | Noticed a thorn hunter
 31515 | Swamp:3  | a thorn hunter changed into an oklob plant
 31905 | Swamp:3  | Received a gift from Nemelex Xobeh
 32199 | Swamp:3  | Noticed Bai Suzhen
 32231 | Swamp:3  | Killed Bai Suzhen
 32349 | Swamp:4  | Entered Level 4 of the Swamp
 32458 | Swamp:4  | Reached skill level 10 in Shapeshifting
 32797 | Swamp:4  | Noticed a thorn hunter
 32835 | Swamp:4  | Killed a thorn hunter
 32931 | Swamp:4  | Got a decaying rune of Zot
 32969 | Swamp:4  | Reached XP level 17. HP: 147/156 MP: 28/28
 33133 | Swamp:4  | Identified the +1 pair of boots of the Meadowlark {rElec
                  | Stlth+}
 33389 | Snake:1  | Identified the +0 long sword "Urefeamn" {freeze, rC+++
                  | rCorr Str-3 Stlth-}
 33401 | Snake:1  | Killed Rupert
 33467 | Snake:1  | Received a gift from Nemelex Xobeh
 33936 | Snake:1  | Received a gift from Nemelex Xobeh
 34180 | Snake:2  | Reached skill level 15 in Invocations
 34575 | Snake:2  | Found Jich's Antique Weapon Boutique.
 34577 | Snake:2  | Found Tijina's Jewellery Shop.
 34577 | Snake:2  | Found Bapnock's Antique Weapon Boutique.
 34580 | Snake:2  | Found Vixkaw Zuohu's General Store.
 34590 | Snake:2  | Bought a potion of resistance for 180 gold pieces
 34590 | Snake:2  | Bought a potion of cancellation for 144 gold pieces
 34590 | Snake:2  | Bought a wand of light (5) for 378 gold pieces
 34596 | Snake:2  | Bought the amulet "Juxouced" {Faith rN+ Str+3} for 1150
                  | gold pieces
 34650 | Snake:2  | Identified the +5 quarterstaff "Byomusin" {drain, Str+3}
 35151 | Snake:2  | Received a gift from Nemelex Xobeh
 35167 | Snake:2  | Reached skill level 16 in Fighting
 35892 | Snake:3  | Identified the serpent talisman of Yxanata {Int+2 Dex-2
                  | SInv}
 35892 | Snake:3  | Noticed Aizul
 35931 | Snake:2  | Killed Aizul
 36153 | Snake:3  | Received a gift from Nemelex Xobeh
 37216 | Snake:3  | Received a gift from Nemelex Xobeh
 37471 | Snake:3  | HP: 6/159 [poisoned by a nagaraja (bolt of poison)]
 37800 | Snake:4  | Entered Level 4 of the Snake Pit
 37852 | Snake:4  | Found a glacial archway.
 37853 | Snake:4  | Noticed Nikola
 37867 | Snake:4  | Reached XP level 18. HP: 150/168 MP: 30/30
 37909 | Snake:4  | Noticed Vashnia
 37934 | Snake:4  | Killed Nikola
 38069 | Snake:4  | Killed Vashnia
 38070 | Snake:4  | Reached skill level 15 in Shields
 38189 | IceCv    | Entered an ice cave
 38406 | IceCv    | Reached skill level 17 in Fighting
 38461 | IceCv    | Reached skill level 5 in Air Magic
 38987 | IceCv    | Identified the ring of Conformity {rF+ Will+ rCorr}
 38987 | IceCv    | Noticed an Ice Fiend
 39131 | IceCv    | Got Hyl Ythri's Almanac of Snow
 39153 | IceCv    | Banished an Ice Fiend
 39223 | IceCv    | Received a gift from Nemelex Xobeh
 39507 | Snake:1  | Bought a book of Lightning for 540 gold pieces
 39514 | Snake:1  | Learned a level 6 spell: Plasma Beam
 39812 | Snake:4  | Reached skill level 1 in Fire Magic
 40700 | Snake:4  | Reached skill level 5 in Spellcasting
 40991 | Snake:4  | Reached skill level 5 in Fire Magic
 40992 | Snake:4  | Noticed Mlioglotl
 41399 | Snake:4  | Killed Mlioglotl
 41542 | Snake:4  | Got a serpentine rune of Zot
 41603 | Snake:4  | Received a gift from Nemelex Xobeh
 42101 | Vaults:1 | Entered Level 1 of the Vaults
 42244 | Vaults:1 | Found Keamn's Assorted Antiques.
 42255 | Vaults:1 | Bought a scroll of fear for 132 gold pieces
 42325 | Vaults:1 | Found a runed translucent gate.
 42325 | Vaults:1 | Found a runed translucent gate.
 42325 | Vaults:1 | Found a runed translucent gate.
 42338 | Vaults:1 | Received a gift from Nemelex Xobeh
 42338 | Vaults:1 | Found Hugutoha's Assorted Antiques.
 42442 | Vaults:1 | Reached XP level 19. HP: 177/177 MP: 31/31
 42692 | Vaults:1 | Reached skill level 10 in Air Magic
 42864 | Vaults:1 | Found Ejely's Jewellery Boutique.
 42887 | Vaults:1 | Found Meecocs's Armour Shoppe.
 43001 | Vaults:1 | Identified the +4 tower shield of Disguise {rPois Will+
                  | rCorr}
 43227 | Vaults:1 | Received a gift from Nemelex Xobeh
 43330 | Vaults:1 | Found a glowing golden altar of the Shining One.
 43384 | Vaults:1 | Got the Book of Mustered Ouranomancy
 43900 | Vaults:2 | Received a gift from Nemelex Xobeh
 44454 | Elf:1    | Entered Level 1 of the Elven Halls
 45038 | Elf:1    | Reached skill level 10 in Fire Magic
 45513 | Elf:2    | Found Izeubbiom's Jewellery Boutique.
 45945 | Elf:2    | Found a runed translucent gate.
 45946 | Elf:2    | Found a runed translucent gate.
 45946 | Elf:2    | Found a runed translucent gate.
 46014 | Elf:2    | Received a gift from Nemelex Xobeh
 46377 | Elf:3    | Entered Level 3 of the Elven Halls
 46478 | Elf:3    | Paralysed by an air elemental for 1 turns
 46649 | Elf:3    | Reached XP level 20. HP: 184/184 MP: 24/32
 47009 | Abyss:2  | Cast into level 2 of the Abyss (a deep elf demonologist)
 47011 | Abyss:2  | Found a corrupted altar of Lugonu.
 47089 | Abyss:2  | Received a gift from Nemelex Xobeh
 47468 | Abyss:2  | Received a gift from Nemelex Xobeh
 47594 | Abyss:2  | Found a corrupted altar of Lugonu.
 47600 | Elf:3    | Escaped the Abyss
 47613 | Elf:3    | Gained mutation: Your health recovers twice as slowly from
                  | being drained. [a cacodemon]
 48043 | Abyss:2  | Cast into level 2 of the Abyss (a deep elf sorcerer)
 48134 | Abyss:2  | Found a corrupted altar of Lugonu.
 48242 | Abyss:2  | Noticed an ancient lich
 48290 | Abyss:2  | Killed an ancient lich
 48295 | Abyss:2  | Noticed a bone dragon
 48298 | Elf:3    | Escaped the Abyss
 48309 | Elf:3    | Banished a bone dragon
 48425 | Elf:3    | Identified the +3 leather armour of Batymittex {Int+5}
 48502 | Elf:3    | Identified the +6 broad axe of Bodily Humours {speed, rPois
                  | Int-2 Dex+5 SInv}
 48541 | Elf:3    | Identified the staff of the Fray {^Drain rElec Dex+5 Conj
                  | Air}
 48541 | Elf:3    | Identified the +1 leather armour of Sismai {*Slow rPois
                  | rCorr}
 48555 | Abyss:4  | Cast into level 4 of the Abyss (a deep elf sorcerer)
 48603 | Abyss:4  | Received a gift from Nemelex Xobeh
 48818 | Abyss:4  | Found a corrupted altar of Lugonu.
 48876 | Abyss:4  | Found a corrupted altar of Lugonu.
 48881 | Abyss:4  | Noticed a profane servitor
 48891 | Abyss:4  | Noticed a bone dragon
 48978 | Elf:3    | Escaped the Abyss
 49063 | Elf:3    | Identified the +2 hat "Soud" {Dex+3 Stlth+}
 49216 | Elf:3    | Identified the +5 sling of the Grim God {flame, Will+}
 49219 | Elf:3    | Got the Quarto of Stones and Wounds
 50063 | Vaults:2 | Received a gift from Nemelex Xobeh
 50614 | Vaults:2 | Found Qebrepto's Jewellery Shoppe.
 50972 | Vaults:2 | Found a staircase to the Crypt.
 52261 | D:11     | You paid a toll of a +8 demon blade to enter a treasure
                  | trove
 52262 | Trove    | Entered a treasure trove
 52288 | Trove    | Identified the +0 cloak of Xuog Quu {Dex+5 Slay+3}
 52290 | Trove    | Identified the +1 cloak of Eternal Vigilance {*Slow rElec
                  | Str+5 Int+3}
 52314 | Trove    | Identified the +2 pair of gloves "Umuuffej" {Harm *Corrode
                  | rElec rF- rC+}
 52315 | Trove    | Identified the +0 pair of gloves of the Salmon {rF+ Regen+
                  | Int-4 Dex+3}
 52343 | Trove    | Identified the +0 hat "Ikkob" {rN+ Dex+3}
 52724 | Vaults:3 | Received a gift from Nemelex Xobeh
 52790 | Vaults:3 | Reached XP level 21. HP: 171/192 MP: 7/34
 53033 | Vaults:3 | Received a gift from Nemelex Xobeh
 54354 | Vaults:4 | Reached skill level 15 in Air Magic
 54378 | Vaults:4 | Identified the -1 long sword of Buinef {freeze, rN+ Dex+3}
 54600 | Vaults:4 | Reached skill level 10 in Dodging
 54663 | Vaults:4 | Reached skill level 18 in Fighting
 54907 | Vaults:4 | Received a gift from Nemelex Xobeh
 55341 | Vaults:4 | Found Voatzeaf's Armour Shoppe.
 55496 | Vaults:4 | Received a gift from Nemelex Xobeh
 55839 | Depths:1 | Entered Level 1 of the Depths
 56343 | Depths:1 | Found a transporter.
 56344 | Depths:1 | Noticed Xaosyiw's ghost (adept DECj)
 56360 | Depths:1 | Noticed a caustic shrike
 56371 | Depths:1 | Found a transporter.
 56783 | Depths:1 | Received a gift from Nemelex Xobeh
 56977 | Depths:1 | Found a one-way gate leading to the halls of Pandemonium.
 57045 | Depths:1 | Found a gateway to Hell.
 57492 | Depths:2 | Found a one-way gateway to a ziggurat.
 57920 | Depths:2 | Found a one-way gate to the infinite horrors of the Abyss.
 58151 | Depths:2 | Reached XP level 22. HP: 203/203 MP: 28/35
 58554 | Depths:2 | Paralysed by a wendigo for 1 turns
 58563 | Depths:2 | Received a gift from Nemelex Xobeh
 60286 | Depths:3 | Noticed the Enchantress
 60324 | Depths:2 | Killed the Enchantress
 60325 | Depths:2 | Reached skill level 19 in Fighting
 61512 | Depths:3 | Identified the +2 leather armour of the Rose {^Drain rElec
                  | rPois Dex+6}
 61517 | Depths:3 | Identified the +6 falchion of Rarops {speed, rC+ rCorr}
 62588 | Depths:4 | Entered Level 4 of the Depths
 63157 | Depths:4 | Noticed Mennas
 63254 | Depths:4 | Killed Mennas
 63563 | Depths:4 | Reached XP level 23. HP: 198/211 MP: 36/36
 63565 | Depths:4 | Found a gate to the Realm of Zot.
 64012 | Depths:4 | Received a gift from Nemelex Xobeh
 64347 | Depths:4 | Found a glowing silver altar of Zin.
 64812 | Vaults:5 | Entered Level 5 of the Vaults
 64812 | Vaults:5 | Noticed an ancient lich
 64812 | Vaults:5 | Noticed a dread lich
 64812 | Vaults:5 | Noticed Saint Roka
 64843 | Vaults:5 | Killed an ancient lich
 64977 | Vaults:5 | Noticed Xtahua
 64996 | Vaults:5 | Killed Xtahua
 65089 | Vaults:5 | Identified the ring "Seobovve" {Ice *Corrode Dex+3 SInv}
 65149 | Vaults:5 | Saint Roka changed into something unseen
 65155 | Vaults:5 | Killed Saint Roka the ghost moth
 65173 | Vaults:5 | Identified the +1 great sword "Backscratcher" {pain, rPois
                  | rCorr Dex+2 Stlth+}
 65297 | Vaults:5 | Reached skill level 20 in Fighting
 65323 | Vaults:5 | Identified the amulet of Conversion {Reflect Rampage Int+6
                  | SH+5}
 65329 | Vaults:5 | Noticed a dread lich
 65359 | Vaults:5 | Killed a dread lich
 65367 | Vaults:5 | Reached skill level 15 in Shapeshifting
 65468 | Vaults:5 | Identified the +6 quarterstaff "Hievadug" {speed, *Slow rC+
                  | Int+4}
 65519 | Vaults:5 | Noticed Mara
 65521 | Vaults:5 | Identified the -1 long sword of the Inferno {antimagic, rF-
                  | rC+ Dex+6}
 65998 | Vaults:5 | Found Bojoqosm's Assorted Antiques.
 66005 | Vaults:5 | Bought a potion of heal wounds for 125 gold pieces
 66005 | Vaults:5 | Bought a potion of resistance for 250 gold pieces
 66091 | Vaults:5 | Killed a dread lich
 66118 | Vaults:5 | Noticed GeoRichter's illusion
 66118 | Vaults:5 | Killed Mara
 66763 | Vaults:5 | Got a silver rune of Zot
 66919 | Vaults:5 | Identified the staff "Hydrabane" {rC+ Conj Hexes Ice}
 67176 | Vaults:5 | Identified the staff "Gudyc" {rF+ rC+ Str+3 Conj}
 67180 | Vaults:5 | Identified the +1 hand axe of Idda Kyng {drain, MP+9 Int+5
                  | Stlth-}
 67242 | Vaults:5 | Reached XP level 24. HP: 221/222 MP: 36/36
 67534 | Vaults:1 | Bought a potion of heal wounds for 210 gold pieces
 67534 | Vaults:1 | Bought 2 potions of might for 336 gold pieces
 67746 | Zot:1    | Entered Level 1 of the Realm of Zot
 67747 | Zot:1    | Upgraded the game from 0.32-a0-837-g8d3e27d251 to
                  | 0.32-a0-842-gbbb8fdbe59
 68168 | Zot:1    | Received a gift from Nemelex Xobeh
 68436 | Zot:1    | Reached skill level 21 in Fighting
 69370 | Zot:1    | Received a gift from Nemelex Xobeh
 69529 | Zot:2    | Identified the staff "Orb Guardian's Curse" {rF- rC+ rN+++
                  | Int-3 Necro Ice}
 69529 | Zot:2    | Identified the staff "Uvoebud" {rElec rC+ Hexes Necro Ice}
 71396 | Zot:3    | Found a transporter.
 71640 | Zot:3    | Reached skill level 15 in Dodging
 71666 | Zot:3    | Found the +0 pair of gloves of the gadgeteer {Gadgeteer
                  | Wandboost ^Fragile}
 71680 | Zot:3    | Identified the +1 mace "Urememul" {protect, rN+ rCorr}
 71948 | Zot:3    | Reached XP level 25. HP: 216/237 MP: 37/37
 71955 | Zot:3    | Found a transporter.
 72110 | Zot:3    | Noticed an orb of fire
 72127 | Zot:3    | Gained mutation: You sometimes lose your temper in combat.
                  | [an orb of fire]
 72135 | Zot:3    | Gained mutation: Your magical capacity is low. (-10% MP)
                  | [an orb of fire]
 72137 | Zot:3    | Killed an orb of fire
 72144 | Zot:3    | Lost mutation: You sometimes lose your temper in combat.
                  | [potion of mutation]
 72144 | Zot:3    | Lost mutation: Your magical capacity is low. (-10% MP)
                  | [potion of mutation]
 72144 | Zot:3    | Gained mutation: You are frail. (-10% HP) [potion of
                  | mutation]
 72144 | Zot:3    | Gained mutation: You have hidden genetic potential. [potion
                  | of mutation]
 72222 | Zot:3    | Noticed an orb of fire
 72251 | Zot:3    | Killed an orb of fire
 72257 | Zot:3    | Reached skill level 22 in Fighting
 72344 | Zot:3    | Received a gift from Nemelex Xobeh
 72891 | Zot:4    | Found a basalt altar of Yredelemnul.
 73321 | Zot:4    | Received a gift from Nemelex Xobeh
 73475 | Zot:4    | Identified the +0 cloak of Resilience {rF+ Str+3}
 73478 | Zot:4    | Identified the +1 cloak "Digataq" {rPois Str+5 Int-4}
 73480 | Zot:4    | Found a bloodstained altar of Trog.
 73480 | Zot:4    | Noticed Adaxemni's ghost (legendary GrFi)
 73487 | Zot:4    | Found a transporter.
 73500 | Zot:4    | Found a transporter.
 73696 | Zot:5    | Entered Level 5 of the Realm of Zot
 73697 | Zot:5    | Noticed an orb of fire
 73716 | Zot:5    | Gained mutation: You are dopey. (Int -2) [an orb of fire]
 73724 | Zot:5    | Killed an orb of fire
 73914 | Zot:5    | Received a gift from Nemelex Xobeh
 74111 | Zot:5    | Received a gift from Nemelex Xobeh
 74436 | Zot:5    | Noticed an ancient lich
 74451 | Zot:5    | Killed an ancient lich
 74458 | Zot:5    | Noticed an ancient lich
 74476 | Zot:5    | Killed an ancient lich
 74490 | Zot:5    | Noticed an orb of fire
 74490 | Zot:5    | Noticed a Killer Klown
 74490 | Zot:5    | Gained mutation: You are very dopey. (Int -4) [an orb of
                  | fire]
 74492 | Zot:5    | Gained mutation: You occasionally lose the ability to drink
                  | potions when taking damage. [an orb of fire]
 74492 | Zot:5    | Noticed an orb of fire
 74499 | Zot:5    | Killed an orb of fire
 74510 | Zot:5    | Gained mutation: You are vulnerable to heat. (rF-) [an orb
                  | of fire]
 74514 | Zot:5    | Killed an orb of fire
 74517 | Zot:5    | Noticed an orb of fire
 74521 | Zot:5    | Killed a Killer Klown
 74529 | Zot:5    | Gained mutation: You are very frail. (-20% HP) [an orb of
                  | fire]
 74534 | Zot:5    | Killed an orb of fire
 74537 | Zot:5    | Noticed an orb of fire
 74542 | Zot:5    | Lost mutation: Your health recovers twice as slowly from
                  | being drained. [potion of mutation]
 74542 | Zot:5    | Lost mutation: You have hidden genetic potential. [potion
                  | of mutation]
 74542 | Zot:5    | Lost mutation: You are very dopey. (Int -4) [potion of
                  | mutation]
 74542 | Zot:5    | Gained mutation: Your muscles are strong. (Str +4, Int/Dex
                  | -1) [potion of mutation]
 74542 | Zot:5    | Lost mutation: Your muscles are strong. (Str +4, Int/Dex
                  | -1) [potion of mutation]
 74587 | Zot:5    | Lost mutation: You are vulnerable to heat. (rF-) [potion of
                  | mutation]
 74587 | Zot:5    | Lost mutation: You are dopey. (Int -2) [potion of mutation]
 74587 | Zot:5    | Lost mutation: You are very frail. (-20% HP) [potion of
                  | mutation]
 74587 | Zot:5    | Gained mutation: You have a pair of small antennae on your
                  | head. [potion of mutation]
 74648 | Zot:5    | Reached skill level 23 in Fighting
 74757 | Zot:5    | Lost mutation: You are frail. (-10% HP) [an orb of fire]
 74757 | Zot:5    | Gained mutation: You sometimes lose your temper in combat.
                  | [an orb of fire]
 74779 | Zot:5    | Gained mutation: Your body sometimes deteriorates upon
                  | taking damage. [an orb of fire]
 74784 | Zot:5    | Gained mutation: Potions are less effective at restoring
                  | your health. [an orb of fire]
 74787 | Zot:5    | Gained mutation: You have a pair of antennae on your head.
                  | [an orb of fire]
 74802 | Zot:5    | Gained mutation: You occasionally lose the ability to read
                  | scrolls when taking damage. [an orb of fire]
 74814 | Zot:5    | Killed an orb of fire
 74821 | Zot:5    | Lost mutation: Your body sometimes deteriorates upon taking
                  | damage. [potion of mutation]
 74821 | Zot:5    | Lost mutation: You occasionally lose the ability to drink
                  | potions when taking damage. [potion of mutation]
 74821 | Zot:5    | Lost mutation: Potions are less effective at restoring your
                  | health. [potion of mutation]
 74821 | Zot:5    | Gained mutation: Your magical capacity is low. (-10% MP)
                  | [potion of mutation]
 74822 | Zot:5    | Lost mutation: You sometimes lose your temper in combat.
                  | [potion of mutation]
 74822 | Zot:5    | Lost mutation: You occasionally lose the ability to read
                  | scrolls when taking damage. [potion of mutation]
 74822 | Zot:5    | Lost mutation: Your magical capacity is low. (-10% MP)
                  | [potion of mutation]
 74822 | Zot:5    | Gained mutation: You are weak. (Str -2) [potion of
                  | mutation]
 74943 | Zot:5    | Reached XP level 26. HP: 140/251 MP: 38/38
 75039 | Zot:5    | Noticed an ancient lich
 75053 | Zot:5    | Killed an ancient lich
 75120 | Zot:5    | Got the Orb of Zot
 75600 | D:11     | Noticed Efedeof the pandemonium lord
 75624 | D:11     | Killed Efedeof the pandemonium lord
 75946 | D:$      | Escaped with the Orb!

Illustrated notes

Levels and vault maps discovered:
D:1:      co_arrival_square_in_a_square_in_a_square, layout_basic,
          hellmonk_ecumenical_altar_run_dry, minmay_misc_feat_columns,
          lemuel_flame_loot_1
D:2:      layout_basic, basic_altar, minmay_pentomino_r2, uniq_robin
D:3:      layout_basic, brannock_xom_greatest_gift,
          nicolae_qazlal_scattered_showers, uniq_crazy_yiuf_cottage,
          uniq_grinder
D:4:      layout_basic, amcnicky_altar_gilded, grunt_gozag_breadcrumbs
D:5:      layout_cave_pools, minmay_diced_spiral, uniq_duvessa
D:6:      layout_basic, fedhas_bush_and_centaur_altar,
          minmay_temple_entry_butterflies
D:7:      layout_loops_ring, marbit_many_paths, nicolae_ru_the_path_less_chosen,
          uniq_maggie, uniq_prince_ribbit1
D:8:      layout_gridville, mainiacjoe_overflow_catwalk_spiral,
          lair_entry_dummy, serial_shops, nicolae_diamond_shop,
          ebering_ghost_disaster_area, dilly_guarded_unrand_throatcut
D:9:      layout_cave_pods, lemuel_zombie_altar_yredelemnul, david_orc_5,
          ebering_ghost_gozag, minivault_26, uniq_jeremiah
D:10:     kennysheep_blocky_room, layout_loops_cross,
          nicolae_elyvilon_temple_path, uniq_harold
D:11:     old_forge, layout_irregular_city, trove_entry_hex_spiral,
          dk_noncrumbling_3, kennysheep_just_a_vault
D:12:     layout_roguey [special_room_orc], gauntlet_entry_generic,
          serial_shops, shop, minmay_st_funbox
D:13:     minmay_wizard_corner, layout_irregular_city,
          ashenzari_conservatory_becter
D:14:     minmay_spotlight, layout_cave_pools, david_vaults_4
D:15:     hangedman_depths_entry_civil_slaughter, layout_stronghold,
          hangedman_glass_teeth, grunt_ministairs_6,
          chequers_serial_rivers_small_3
Lair:1:   layout_chaotic_city, kennysheep_snail_temple, serial_bayou_shore_a,
          infiniplex_staircase_pool
Lair:2:   layout_cave_pods, nicolae_swamp_entry_splash_gauntlet,
          lemuel_fruit_tree
Lair:3:   layout_long_grid, minmay_snake_entry_guardpost_medium, serial_rivers,
          chequers_serial_rivers_micro_c, chequers_serial_rivers_small_b,
          chequers_serial_rivers_marsh, chequers_serial_rivers_small_a,
          uniq_amaemon
Lair:4:   layout_loops_ring, minmay_slime_entry_pillars
Lair:5:   evilmike_catoblepas_cave, layout_gridlike,
          grunt_forest_small_clearings, grunt_megastairs_5
Swamp:1:  layout_falls_marsh, evilmike_swamp_ruin_house_2, uniq_louise
Swamp:2:  layout_basic_swamp, nicolae_swamp_big_swirl
Swamp:3:  layout_basic_swamp, nicolae_swamp_well_well_well,
          infiniplex_staircase_pool_2, uniq_bai_suzhen
Swamp:4:  swamp, layout_basic_swamp
Snake:1:  layout_gridlike, minmay_shop_star, grunt_megastairs_4, uniq_rupert
Snake:2:  nicolae_snake_shooting_gallery, layout_grid_maze, grunt_megastairs_1,
          minmay_shoptagon
Snake:3:  kennysheep_snake, layout_cave_pods, uniq_aizul
Snake:4:  snake_pit, layout_basic, portal_ice_cave_entry_frozen_things,
          uniq_nikola, uniq_vashnia, uniq_mlioglotl
Orc:1:    layout_caves, basic_altar, uniq_erica
Orc:2:    hellmonk_orc_salted, layout_caves, basic_altar, uniq_nessos,
          uniq_josephine
Elf:1:    elf_arrival_001, layout_geoelf_grid, hangedman_elf_disciples,
          nicolae_concentric_dashed_squares_mild
Elf:2:    nicolae_elf_blades_crystal_corner, layout_gridlike, serial_shops,
          nicolae_shop_just_a_little_nook
Elf:3:    elf_hall_gauntlet_narrow, layout_geoelf_castle
Vaults:1: vaults_room_fours, nicolae_vaults_tetromino_L_2,
          ontoclasm_vaults_hangar, nicolae_vaults_tetromino_T_1,
          nicolae_vaults_tetromino_L_2, nicolae_vaults_layer_cake_slice,
          nicolae_vaults_storage_closets_3, v_misc_4, wander_protected_by_tso,
          grunt_vaults_hallway_short, v_alt_pattern_6,
          nicolae_vaults_ring_of_whatevers, nicolae_vaults_tetromino_L_1,
          layout_vaults_maze, serial_shops, nicolae_shop_tiny_statue_garden,
          shop, nicolae_shop_back_alley_shop, shop
Vaults:2: nicolae_vaults_hexular_roomagon, nicolae_vaults_tetromino_L_2,
          v_pattern_3, nicolae_vaults_swerve, minmay_crypt_entry_simple_round,
          dpeg_vaults_monster_row, nicolae_vaults_storage_closets_1,
          grunt_vaults_focal, nicolae_vaults_octothorpe, layout_vaults_omnigrid,
          serial_shops, nicolae_shop_waterfront
Vaults:3: v_alt_pattern_4, v_misc_11, nicolae_vaults_variable_pillar_hall,
          hangedman_vaults_hat, nicolae_vaults_tetromino_Z_1, vaults_room_pools,
          vaults_dpeg_encased_lava, nicolae_vaults_three_branches,
          nicolae_vaults_rhombus_5, layout_vaults_big_room
Vaults:4: ontoclasm_vaults_twist, vaults_dpeg_cross,
          nicolae_vaults_mini_display_case, nicolae_vaults_storage_closets_2,
          v_misc_15, vaults_room_corners, hangedman_vaults_impose,
          nicolae_vaults_meiosis, nicolae_vaults_halls_meeting,
          ontoclasm_vaults_shuriken, v_pattern_2,
          nicolae_vaults_little_squares_6, nicolae_vaults_tetromino_L_1,
          nicolae_vaults_wine_cellar, nicolae_vaults_tetromino_Z_1,
          nicolae_vaults_storage_room_statues, layout_vaults_ring, serial_shops,
          shop
Vaults:5: uniq_saint_roka, uniq_xtahua, uniq_mara
Depths:1: layout_cave_shapes, kennysheep_pointless_box, nzn_ghost_randoct,
          pan_entry, grunt_hell_entry_dis_mu, feat_on_display
Depths:2: dreamdust_isle_of_ice, layout_long_grid, enter_ziggurat_b,
          hellmouth_3, serial_bayou, serial_bayou_pond_c, serial_bayou_pond_d,
          serial_bayou_pond_e, serial_bayou_lake_a, rand_demon_pan_entry_3,
          abyss_entry_crystal
Depths:3: gammafunk_mikee_crab_dinner, layout_basic,
          hangedman_abyss_entry_splay, pf_hell_entry_tar_river,
          kennysheep_generic_room_15, minmay_staircase_statues_hall_small,
          uniq_margery, uniq_enchantress
Depths:4: grunt_zot_entry_funnels, layout_small_grid, pf_coc_iceberg,
          grunt_pan_entry_sceptre, zin_treasury, infiniplex_staircase_pool_lava,
          uniq_mennas
Zot:1:    chapayev_index_zotdef_columnade, layout_basic
Zot:2:    layout_onion_interference, hangedman_elemental_corridor
Zot:3:    layout_cellular_growth, st_small_dragon_hoard_3,
          regret_index_zotdec_obsidian_hm, nicolae_diode_stairs
Zot:4:    layout_misc_corridors, gammafunk_ghost_wrathful_warriors,
          regret_index_zotdec_bone_old, regret_index_zotdec_ceiling_fans
Zot:5:    layout_basic, grunt_ministairs_6

Skill      XL: |  1  2  3  4  5  6  7  8  9 10 11 12 13 14 15 16 17 18 19 20 21 22 23 24 25 |
---------------+----------------------------------------------------------------------------+-----
Alchemy        | 4 5 7 8 |  8.5
Spellcasting   | 3 4 6 8 9 |  9.0
Invocations    | 3 7 8 11 13 14 16 17 18 19 21 22 | 22.9
Fighting       | 4 8 9 10 12 13 15 16 17 18 19 20 21 23 | 23.5
Air Magic      | 3 4 9 12 14 15 17 | 17.0
Evocations     | 4 |  4.0
Polearms       | 2 8 12 | 12.0
Dodging        | 3 5 7 8 9 10 12 13 15 | 15.9
Shields        | 7 11 12 13 14 15 16 | 16.0
Shapeshifting  | 4 10 11 12 13 14 15 16 18 | 18.5
Fire Magic     | 6 11 12 | 12.6
Stealth        | |  1.7
Conjurations   | |  1.0

Action                     |  1- 3 |  4- 6 |  7- 9 | 10-12 | 13-15 | 16-18 | 19-21 | 22-24 | 25-27 || total
---------------------------+-------+-------+-------+-------+-------+-------+-------+-------+-------++-------
  Melee: Unarmed           |    18 |       |       |       |       |       |       |       |       ||    18
         Tailslap          |     4 |     2 |    10 |    58 |   199 |   502 |   509 |   624 |   236 ||  2144
         Dagger            |    18 |    34 |       |       |       |       |       |       |       ||    52
         Quarterstaff      |       |     4 |    83 |       |       |       |       |       |       ||    87
         Whip              |       |     2 |       |       |       |       |       |       |       ||     2
         Lance             |       |       |     2 |   430 |  1014 |  2437 |  2231 |  2332 |   962 ||  9408
         Maw               |       |       |       |       |       |   814 |   946 |  1034 |   437 ||  3231
   Cast: Sting             |    63 |    92 |    25 |       |       |       |       |       |       ||   180
         Olgreb's Toxic Ra |       |     5 |    43 |    93 |   165 |    35 |   129 |    42 |       ||   512
         Mephitic Cloud    |       |       |       |       |     1 |       |       |       |       ||     1
         Plasma Beam       |       |       |       |       |       |       |   100 |   173 |       ||   273
 Invoke: Draw Destruction  |     4 |     3 |    18 |    25 |    52 |    56 |    28 |    15 |     8 ||   209
         Draw Summoning    |       |     3 |     2 |     1 |     9 |    14 |    10 |    11 |     8 ||    58
         Stack Five        |       |       |       |     1 |     3 |       |     1 |     1 |     1 ||     7
         Draw Escape       |       |       |       |     2 |     3 |     7 |    19 |     3 |     4 ||    38
         Draw Stack        |       |       |       |     1 |    14 |     5 |     5 |     2 |     3 ||    30
         Triple Draw       |       |       |       |     1 |       |       |     2 |       |       ||     3
         Deal Four         |       |       |       |       |     2 |     2 |     2 |     2 |     1 ||     9
Ability: Galvanic Breath   |       |       |       |     1 |     4 |     3 |     4 |     6 |       ||    18
  Evoke: Wand              |       |       |     4 |     6 |    12 |    47 |     2 |    18 |     5 ||    94
         Sack of spiders   |       |       |       |       |       |     1 |       |       |       ||     1
         Phantom mirror    |       |       |       |       |       |     1 |       |       |       ||     1
    Use: Potion            |     2 |       |       |       |     3 |     7 |    10 |     3 |    17 ||    42
         Scroll            |       |       |    17 |       |    12 |    10 |     6 |     9 |     8 ||    62
   Stab: Sleeping          |       |     1 |       |     1 |     1 |     6 |    16 |       |     1 ||    26
         Invisible         |       |       |       |     8 |     3 |     1 |       |       |     8 ||    20
         Petrified         |       |       |       |       |     4 |       |       |    10 |       ||    14
         Distracted        |       |       |       |       |     2 |    10 |     7 |     3 |    10 ||    32
         Confused          |       |       |       |       |     1 |       |       |       |     1 ||     2
         Petrifying        |       |       |       |       |       |       |       |       |     1 ||     1
 Armour: Skin              |    35 |    51 |    74 |   223 |   575 |  1283 |  1020 |  1231 |   499 ||  4991
  Dodge: Dodged            |    32 |    49 |    78 |   121 |   327 |   744 |   669 |  1106 |   447 ||  3573
  Block: Kite shield       |       |       |       |       |   531 |  1418 |  1184 |  1665 |   643 ||  5441
         Reflection        |       |       |       |       |       |   160 |   113 |    17 |     4 ||   294
   Form: Maw               |       |       |       |       |       |     2 |       |       |       ||     2
                           |       |       |       |       |       |     1 |       |       |       ||     1

Table legend: (Time is in decaauts)
 A = Elapsed time spent in this place.
 B = Non-inter-level travel time spent in this place.
 C = Inter-level travel time spent in this place.
 D = Time resting spent in this place.
 E = Time spent auto-exploring this place.
 F = Levels seen in this place.
 G = Mean time per level.
                   A        B        C        D        E       F      G
               +--------+--------+--------+--------+--------+-----+--------+
         Total |  72571 |  65997 |   6574 |   7681 |  41294 |  53 | 1369.3 |
       Dungeon |  20565 |  17682 |   2883 |    362 |  14486 |  15 | 1371.0 |
          Lair |   8373 |   7923 |    450 |    881 |   5893 |   5 | 1674.6 |
         Swamp |   2918 |   2698 |    220 |    309 |   1629 |   4 |  729.5 |
     Snake Pit |   6966 |   6459 |    507 |   1208 |   2801 |   4 | 1741.5 |
  Orcish Mines |   1823 |   1634 |    189 |    216 |   1046 |   2 |  911.5 |
   Elven Halls |   3536 |   3350 |    186 |    546 |   1377 |   3 | 1178.7 |
        Vaults |   9919 |   8542 |   1377 |   1032 |   5183 |   5 | 1983.8 |
        Depths |   8552 |   8003 |    549 |   1626 |   4644 |   4 | 2138.0 |
           Zot |   6854 |   6644 |    210 |    904 |   3395 |   5 | 1370.8 |
         Abyss |   1122 |   1122 |      0 |    286 |      0 |   3 |  374.0 |
         Trove |    147 |    147 |      0 |      0 |      0 |   1 |  147.0 |
      Ice Cave |   1012 |   1012 |      0 |    245 |    366 |   1 | 1012.0 |
      Gauntlet |    777 |    777 |      0 |     61 |    473 |   1 |  777.0 |
               +--------+--------+--------+--------+--------+-----+--------+

Top non-repeatable levels by time:
Depths:2: 2742 daAuts
  Lair:5: 2690 daAuts
Depths:3: 2471 daAuts
Vaults:2: 2319 daAuts
Vaults:5: 2270 daAuts
 Snake:3: 2248 daAuts
    D:11: 2088 daAuts
 Snake:4: 1981 daAuts
Vaults:4: 1870 daAuts
Depths:4: 1855 daAuts
Vaults:1: 1760 daAuts
  Lair:2: 1759 daAuts
     D:9: 1748 daAuts
 Snake:2: 1741 daAuts
     D:3: 1727 daAuts
